 Dungeon Crawl Stone Soup version 0.21.0-3-g78d12a8 (webtiles) character file.

352 ringo67 the Chopper (level 6, -6/47 HPs)
             Began as a Demonspawn Gladiator on Jan 9, 2018.
             Mangled by Menkaure (16 damage)
             ... on level 4 of the Dungeon.
             The game lasted 00:10:28 (3673 turns).

ringo67 the Chopper (Demonspawn Gladiator)          Turns: 3673, Time: 00:10:28

Health: -6/47      AC: 12    Str: 17    XL:     6   Next: 35%
Magic:  6/6        EV:  5    Int:  9    God:
Gold:   163        SH:  2    Dex: 17    Spells: 5/5 levels left

rFire    . . .     SeeInvis .   a - +0 war axe
rCold    + . .     Gourm    .   (no shield)
rNeg     . . .     Faith    .   v - +0 chain mail
rPois    .         Spirit   .   q - +0 helmet
rElec    .         Reflect  +   (no cloak)
rCorr    .         Harm     .   (no gloves)
MR       .....                  (no boots)
Stlth    ..........             l - +2 amulet of reflection
HPRegen  0.15/turn              n - +3 ring of dexterity
MPRegen  0.10/turn              (no ring)

@: constricted, very slow
A: slimy green scales 2, cold resistance 1
a: no special abilities


You were on level 4 of the Dungeon.
You were not hungry.

You visited 1 branch of the dungeon, and saw 4 of its levels.

You collected 163 gold pieces.

Inventory:

Hand Weapons
 a - a +0 war axe (weapon)
Missiles
 d - 3 throwing nets (quivered)
 s - 24 bolts
Armour
 p - a +0 scale mail
 q - a +0 helmet (worn)
 v - a +0 chain mail (worn)
Jewellery
 i - an uncursed amulet of magic regeneration
 l - a +2 amulet of reflection (around neck)
 n - a +3 ring of dexterity (left hand)
Scrolls
 b - a scroll of remove curse {unknown}
 e - a scroll of enchant weapon {unknown}
 g - a scroll of enchant armour {unknown}
 h - a scroll of fog {unknown}
 j - 2 scrolls of teleportation {unknown}
 k - a scroll of immolation {unknown}
 r - 2 scrolls of identify {unknown}
 u - a scroll of fear {unknown}
 w - a scroll of amnesia {unknown}
Potions
 c - a potion of curing {unknown}
 m - a potion of resistance {unknown}
 o - a potion of brilliance {unknown}
 t - a potion of mutation {unknown}
 x - a potion of agility {unknown}
Comestibles
 f - 7 rations


   Skills:
 - Level 3.1 Fighting
 + Level 6.2 Axes
 - Level 1.7 Throwing
 - Level 2.6 Dodging


You had 5 spell levels left.
You didn't know any spells.

Dungeon Overview and Level Annotations

Branches:
Dungeon (4/15)
 Temple: D:4-7

Altars:
Ru
Xom
Zin

Shops:
D:4 !!

Portals:
Sewer: D:4

Annotations:
D:4 Menkaure


Innate Abilities, Weirdness & Mutations

You are mostly covered in slimy green scales. (AC +3)
Your flesh is cold resistant. (rC+)


Message History

The river rat bites you but does no damage.
Menkaure calls on the powers of darkness!
The worm convulses!
Your body is wracked with pain!
The river rat convulses!
Your unstable footing causes you to fumble your attack.
The ball python closely misses you. x2; The rat bites you but does no damage.
The river rat bites you but does no damage.
The worm bites you but does no damage. The ball python bites you.
The ball python grabs you. The ball python constricts you.
Menkaure splashes around in the water.
You completely miss the worm.
The worm is heavily wounded.
You hit Menkaure. You closely miss the river rat. You hit the rat.
You kill the rat!
You closely miss the ball python. The river rat barely misses you.
The ball python bites you but does no damage.
The ball python constricts you. The worm bites you.
* * * LOW HITPOINT WARNING * * *
The ball python's grasp on you weakens, but your attempt to escape fails.
The river rat barely misses you. Menkaure hits you!
You die...

#.##############.########
#.# #........# #.#
##.#####.# #.#
########...# #.#
#..........# #.#
##..........###. #.#
......≈≈≈....... #.#
.....≈≈S≈r....... ..#
.....≈Zw@≈..##... ###
.....≈≈M≈≈.......
......≈≈≈........
................ # ###
................ #. ..#
####....##..#### #.##.#
#####.## .## #....# ...
#. .# .(...##M#


You could see Menkaure, a worm, a river rat, a ball python and a jackal
skeleton.

Vanquished Creatures
  A phantom (D:3)
  An orc priest (D:4)
  2 orc wizards (D:3)
  2 worker ants (D:3)
  4 adders
  An adder skeleton (D:2)
  2 worms
  6 dart slugs
  4 leopard geckos
  9 orcs
  A giant cockroach (D:1)
  A goblin (D:2)
  8 hobgoblins
  2 jackals (D:3)
  2 quokkas
  10 bats
  5 frilled lizards
  8 kobolds
  8 rats
77 creatures vanquished.

Notes
Turn   | Place    | Note
-------+----------+-------------------------------------------
     0 | D:1      | ringo67 the Demonspawn Gladiator began the quest for the Orb.
     0 | D:1      | Reached XP level 1. HP: 16/16 MP: 1/1
    42 | D:1      | Reached skill level 3 in Axes
    42 | D:1      | Gained mutation: You are partially covered in slimy green scales. (AC +2) [demonic ancestry]
    42 | D:1      | Reached XP level 2. HP: 19/23 MP: 2/2
   591 | D:1      | Reached XP level 3. HP: 28/28 MP: 3/3
  1516 | D:3      | Gained mutation: Your flesh is cold resistant. (rC+) [demonic ancestry]
  1516 | D:3      | Reached XP level 4. HP: 35/35 MP: 4/4
  1554 | D:3      | Reached skill level 4 in Axes
  1827 | D:3      | Found a faded altar of an unknown god.
  1915 | D:3      | Reached XP level 5. HP: 30/41 MP: 5/5
  2036 | D:3      | Found a sacrificial altar of Ru.
  2037 | D:3      | Noticed a phantom
  2045 | D:3      | Noticed an angel
  2229 | D:3      | Killed a phantom
  2229 | D:3      | Reached skill level 5 in Axes
  2403 | D:3      | Found a shimmering altar of Xom.
  2405 | D:3      | Found a glowing silver altar of Zin.
  2422 | D:3      | Gained mutation: You are mostly covered in slimy green scales. (AC +3) [demonic ancestry]
  2422 | D:3      | Reached XP level 6. HP: 31/47 MP: 6/6
  2955 | D:4      | Found Laufyor's Distillery.
  2958 | D:4      | Found Tekegh's Distillery.
  3218 | D:4      | Reached skill level 6 in Axes
  3225 | D:4      | Noticed an orc warrior
  3346 | D:4      | Noticed Menkaure
  3659 | D:4      | Found a glowing drain.
  3673 | D:4      | Mangled by Menkaure

Skill      XL: |  1  2  3  4  5  6 |
---------------+-------------------+-----
Axes           | 3 4 5 6 |  6.2
Fighting       | 3 |  3.1
Throwing       | |  1.7
Dodging        | |  2.6

Action                   |  1- 3 |  4- 6 || total
-------------------------+-------+-------++-------
Melee: War axe           |   122 |   156 ||   278
Throw: Throwing net      |       |     1 ||     1
  Eat: Chunk             |     2 |     4 ||     6
       Ration            |       |     1 ||     1
Armor: Leather armour    |     6 |       ||     6
       Ring mail         |    22 |       ||    22
       Scale mail        |    32 |     6 ||    38
       Chain mail        |       |   106 ||   106
Dodge: Dodged            |    69 |    85 ||   154
Block: Other             |       |    14 ||    14
       Reflection        |       |     1 ||     1
